 Dungeon Crawl Stone Soup version 0.23.2-40-g277498a001 (webtiles) character file.

Game seed: 988585322162747253

118 Folks the Conjurer (level 4, -5/33 HPs)
             Began as a Demigod Conjurer on Aug 19, 2019.
             Killed from afar by Ijyb (7 damage)
             ... with a wand of flame (9)
             ... on level 3 of the Dungeon.
             The game lasted 00:05:51 (2377 turns).

Folks the Conjurer (Demigod Conjurer)               Turns: 2377, Time: 00:05:51

Health: -5/33      AC:  2    Str: 16    XL:     4   Next: 45%
Magic:  9/11       EV: 12    Int: 21    God:
Gold:   232        SH:  0    Dex: 16    Spells: 3/9 levels left

rFire    . . .     SeeInvis .   u - +4 short sword (freeze)
rCold    . . .     Gourm    .   (no shield)
rNeg     . . .     Faith    .   a - +0 robe
rPois    .         Spirit   .   (no helmet)
rElec    .         Reflect  .   (no cloak)
rCorr    .         Harm     .   (no gloves)
MR       .....                  (no boots)
Stlth    ++........             (no amulet)
HPRegen  0.11/turn              (no ring)
MPRegen  0.12/turn              (no ring)

@: mighty
A: high mp 1
a: no special abilities


You were on level 3 of the Dungeon.
You were not hungry.

You visited 1 branch of the dungeon, and saw 3 of its levels.

You collected 232 gold pieces.

Inventory:

Hand Weapons
 d - a +0 short sword
 e - a +0 halberd
 o - a +0 dagger of protection
 u - a +4 short sword of freezing (weapon)
Missiles
 n - a throwing net (quivered)
Armour
 a - a +0 robe (worn)
 l - a +0 ring mail
Scrolls
 j - 2 scrolls of identify {unknown}
 k - a scroll of immolation {unknown}
 m - a scroll of remove curse {unknown}
 q - a scroll of random uselessness {unknown}
 r - a scroll of enchant armour {unknown}
 s - a scroll of teleportation {unknown}
Potions
 b - 2 potions of might
 f - a potion of heal wounds {unknown}
 h - 2 potions of curing {unknown}
 i - 2 potions of degeneration {unknown}
 p - a potion of mutation {unknown}
 t - a potion of haste {unknown}
 v - a potion of lignification {unknown}
Comestibles
 c - 9 rations


   Skills:
 - Level 1.7 Dodging
 - Level 1.7 Stealth
 + Level 3.3 Spellcasting
 + Level 4.3 Conjurations
 * Level 1.2 Hexes


You had 3 spell levels left.
You knew the following spells:

 Your Spells              Type           Power        Failure   Level  Hunger
a - Magic Dart            Conj           ###.         2%          1    None
b - Searing Ray           Conj           ###...       3%          2    ##.....
c - Dazzling Spray        Conj/Hex       ###...       12%         3    ###....

Your spell library contained the following spells:

 Spells                   Type           Power        Failure   Level  Hunger
 Iskenderun's Mystic Bla  Conj           ###.....     22%         4    ####...
 Fulminant Prism          Conj/Hex       ###.......   38%         4    ####...
 Force Lance              Conj/Tloc      ##......     45%         4    ####...


Dungeon Overview and Level Annotations

Branches:
Dungeon (3/15)

Annotations:
D:3 Ijyb


Innate Abilities, Weirdness & Mutations

You have an increased reservoir of magic. (+10% MP)


Message History

The searing ray misses Ijyb.
Ijyb zaps a wand.
The puff of flame hits you! Ijyb hits you with a +0 club.
You hit Ijyb. You freeze Ijyb.
Ijyb is moderately wounded.
Ijyb hits you with a +0 club.
You hit Ijyb. You freeze Ijyb.
Ijyb is heavily wounded.
Ijyb barely misses you.
You hit Ijyb but do no damage.
Ijyb is heavily wounded.
Ijyb zaps a wand.
The puff of flame hits you!
* * * LOW HITPOINT WARNING * * *
It was a potion of might.
You feel very mighty all of a sudden. Ijyb hits you with a +0 club.
* * * LOW HITPOINT WARNING * * *
You puncture Ijyb! You freeze Ijyb.
Ijyb is almost dead.
Ijyb zaps a wand.
The puff of flame hits you!
You die...

.#.##)##.##.#.#(####.....#.gg....
.#<.#.##.##.#.#.# #.....#8.....8
.#..#.##.##.#.#.# #.....#.......
....#.##.##(....# #.....#8.....8
...##.##.##.....# #.....#
...'.....(......# #.....########
...###[#(.......# ##.............
...# #.########.###........####..
...# #.#........@g#....[...####..
...# #.#.######.#.#.............>
#### #.# #.#.#........###### #.#
#.#.#........#..... #.#
#.#.#..........####
..#.#........### ###.#.(......#
.#........# #........#


You could see Ijyb.

Vanquished Creatures
  A worker ant zombie (D:2)
  A gnoll (D:1)
  3 adders
  An ooze (D:2)
  2 worms (D:2)
  2 dart slugs
  3 leopard geckos
  An orc (D:3)
  A giant cockroach (D:3)
  9 goblins
  6 hobgoblins
  2 jackals (D:2)
  A quokka (D:3)
  3 bats
  4 frilled lizards
  7 kobolds
  5 rats
52 creatures vanquished.

Notes
Turn   | Place    | Note
-------+----------+-------------------------------------------
     0 | D:1      | Folks the Demigod Conjurer began the quest for the Orb.
     0 | D:1      | Reached XP level 1. HP: 14/14 MP: 5/5
    76 | D:1      | Reached XP level 2. HP: 20/20 MP: 2/7
   697 | D:2      | Learned a level 2 spell: Searing Ray
   768 | D:2      | Reached XP level 3. HP: 22/26 MP: 5/9
   776 | D:2      | Reached skill level 4 in Conjurations
   786 | D:2      | Learned a level 3 spell: Dazzling Spray
  1535 | D:2      | Reached XP level 4. HP: 33/33 MP: 5/11
  1733 | D:3      | Reached skill level 1 in Hexes
  1896 | D:3      | Found a burning altar of Makhleb.
  2073 | D:3      | Noticed Ijyb
  2377 | D:3      | Killed from afar by Ijyb

Skill      XL: |  1  2  3  4 |
---------------+-------------+-----
Spellcasting   | 2 3 |  3.3
Conjurations   | 4 |  4.3
Hexes          | 1 |  1.2
Dodging        | |  1.7
Stealth        | |  1.7

Action                   |  1- 3 |  4- 6 || total
-------------------------+-------+-------++-------
Melee: Short sword       |     1 |     7 ||     8
       Halberd           |    58 |       ||    58
       Dagger            |    13 |    52 ||    65
 Cast: Magic Dart        |    14 |     1 ||    15
       Searing Ray       |     7 |     6 ||    13
  Use: Potion            |       |     1 ||     1
 Stab: Sleeping          |     8 |       ||     8
  Eat: Chunk             |     2 |     3 ||     5
Armor: Robe              |    14 |    13 ||    27
Dodge: Dodged            |    51 |    47 ||    98
